 Dungeon Crawl Stone Soup version 0.28.0-49-g6dfe1f597d (webtiles) character file.

Game seed: 8636743715136091145

187 CryoSword the Poker (level 5, 0/45 HPs)
             Began as a Ghoul Fighter on May 12, 2022.
             Slain by a gnoll shaman
             ... wielding a +0 club
              (4 damage)
             ... on level 3 of the Dungeon.
             The game lasted 00:03:52 (3106 turns).

CryoSword the Poker (Ghoul Fighter)                 Turns: 3106, Time: 00:03:52

Health: 0/45       AC:  6    Str: 20    XL:     5   Next: 66%
Magic:  4/4        EV: 11    Int:  5    God:
Gold:   172        SH: 13    Dex:  8    Spells: 4/4 levels left

rFire   . . .      SeeInvis .   a - +0 trident
rCold   + . .      Faith    .   g - +0 kite shield
rNeg    + + +      Spirit   .   b - +0 scale mail
rPois   ∞          Reflect  +   (no helmet)
rElec   .          Harm     .   (no cloak)
rCorr   .          Rampage  .   (no gloves)
Will    .....                   (no boots)
Stlth   ..........              f - amulet of reflection
HPRegen 0.00/turn               o - +4 ring of evasion
MPRegen 0.09/turn               (no ring)

@: inhibited regen
A: claws 1, cold resistance 1, negative energy resistance 3, inhibited
regeneration, torment resistance 2
a: no special abilities


You were on level 3 of the Dungeon.
You visited 1 branch of the dungeon, and saw 4 of its levels.

You collected 172 gold pieces.

Inventory:

Hand Weapons
 a - a +0 trident (weapon)
Missiles
 p - 4 poisoned darts (quivered)
Armour
 b - a +0 scale mail (worn)
 g - a +0 kite shield (worn)
   (You found it on level 1 of the Dungeon)
Jewellery
 f - an amulet of reflection (around neck)
   (You found it on level 1 of the Dungeon)
 o - a +4 ring of evasion (left claw)
   (You found it on level 3 of the Dungeon)
 t - a ring of flight
   (You found it on level 4 of the Dungeon)
Scrolls
 c - 2 scrolls of enchant armour {unknown}
 h - a scroll of torment {unknown}
 i - 2 scrolls of identify {unknown}
 j - a scroll of fog {unknown}
 k - a scroll of immolation {unknown}
 m - 3 scrolls of summoning {unknown}
 n - a scroll of amnesia {unknown}
 q - a scroll of noise {unknown}
 r - a scroll of silence {unknown}
 s - a scroll of teleportation {unknown}
Potions
 d - 4 potions of might
 e - a potion of haste {unknown}
 l - a potion of magic {unknown}


   Skills:
 - Level 3.2 Fighting
 * Level 4.3 Polearms
 - Level 2.6 Armour
 + Level 3.8 Shields


You had 4 spell levels left.
You didn't know any spells.
Your spell library contained the following spells:

 Spells                   Type           Power      Damage    Failure   Level
 Summon Small Mammal      Summ           0%         N/A       99%         1
 Call Canine Familiar     Summ           0%         N/A       100%        3
 Summon Guardian Golem    Hex/Summ       0%         N/A       100%        3
 Hailstorm                Conj/Ice       0%         3d3       100%        4
 Petrify                  Tmut/Erth      0%         N/A       100%        4
 Irradiate                Conj/Tmut      0%         3d13      100%        5
 Simulacrum               Ice/Necr       0%         N/A       100%        6
 Sublimation of Blood     Necr           Unusable   N/A       N/A         2
 Ice Form                 Ice/Tmut       Unusable   N/A       N/A         4

Dungeon Overview and Level Annotations

Branches:
Dungeon (4/15)
 Temple: D:4-7

Altars:
Cheibriados
Elyvilon


Innate Abilities, Weirdness & Mutations

You thrive by killing the living.
You are immune to poison.
You have sharp fingernails.
Your flesh is cold resistant. (rC+)
You are immune to negative energy. (rN+++)
You do not regenerate when monsters are visible.
You are immune to unholy pain and torment.


Message History

You puncture the endoplasm!
You kill the endoplasm!
No target in view!
There is an escape hatch in the floor here.
r - a scroll labelled LANWUO HUFA
Found 24 arrows.
s - a scroll labelled ETAR ZOMIUC No target in view!
You now have 119 gold pieces (gained 11).
Found a stone staircase leading up.
Done exploring.
Done exploring.
Done exploring.
There's nothing to open nearby.
There is an escape hatch in the floor here.
There is an open door, spattered with blood here.
Things that are here:
the felid skeleton of Natasha; a bat skeleton
There is a stone staircase leading down here.
You climb downwards.
There is a stone staircase leading up here.
Found a stone staircase leading down.
A quokka comes into view.
A quokka is nearby!
Found 26 sling bullets.
You reach to attack!
You hit the quokka but do no damage. The quokka barely misses you.
You closely miss the quokka.
The quokka bites you but does no damage.
The quokka bites you.
You puncture the quokka!
You kill the quokka!
You feel better.
No target in view!
You see here a quokka corpse.
You now have 137 gold pieces (gained 18).
i - 2 scrolls labelled IRAKHLI CEROT (gained 1) Could not explore, unopened door.
Could not explore, unopened door.
You open the door.
Found 19 gold pieces.
Found an escape hatch in the floor.
There is an open door here.
There is an escape hatch in the floor here.
You now have 150 gold pieces (gained 13).
You now have 156 gold pieces (gained 6).
Could not explore, unopened door.
You open the door.
Could not explore, unopened door.
You open the door.
There is an open door here.
d - 3 potions of might (gained 1)
Found a robe.
There is an open door here.
There is an open door here.
There is a stone staircase leading up here.
Found 23 stones.
A hound comes into view.
The hound barks!
You block the hound's attack.
A hound is nearby!
A hound is nearby!
You closely miss the hound. You block the hound's attack. The hound bites you.
You puncture the hound! The hound barely misses you. The hound bites you.
You hit the hound. The hound bites you but does no damage.
The hound closely misses you.
You miss the hound. You block the hound's attack. The hound bites you.
You barely miss the hound. You block the hound's attack. x2
You miss the hound. You block the hound's attack. x2
You puncture the hound!
You kill the hound!
No target in view!
Found a stone staircase leading up.
t - a ring of flight
Found a snail-covered altar of Cheibriados.
No target in view!
You open the door.
An orc comes into view. It is wielding a +0 club.
The orc shouts!
Found a potion of might and 16 gold pieces.
An orc is nearby!
An orc is nearby!
You closely miss the orc. You block the orc's attack. x2
You barely miss the orc. The orc barely misses you.
You barely miss the orc. The orc barely misses you.
You hit the orc. You block the orc's attack.
You hit the orc.
You kill the orc!
No target in view!
No target in view!
There is an open door here.
Things that are here:
a +0 club; a +0 ring mail; an orc corpse
d - 4 potions of might (gained 1)
You now have 172 gold pieces (gained 16).
Could not explore, unopened door.
Could not explore, unopened door.
You open the door.
There is an open door here.
A gnoll comes into view. It is wielding a +0 spear.
The gnoll shouts!
You hear a shout!
A gnoll shaman comes into view. It is wielding a +0 club.
There are monsters nearby!
There are monsters nearby!
A gnoll comes into view. It is wielding a +0 spear of freezing.
A giant cockroach comes into view.
You closely miss the giant cockroach.
The giant cockroach bites you but does no damage.
The giant cockroach barely misses you.
You barely miss the giant cockroach. You block the giant cockroach's attack.
You block the gnoll's attack.
You hit the giant cockroach.
You kill the giant cockroach!
The gnoll closely misses you.
You puncture the gnoll shaman! You block the gnoll's attack.
The gnoll shaman hits you with a +0 club!
You block the gnoll's attack.
You barely miss the gnoll shaman. The gnoll hits you but does no damage.
The gnoll shaman barely misses you.
The gnoll hits you from afar with a +0 spear of freezing.
The gnoll freezes you. The gnoll hits you but does no damage.
The gnoll shaman hits you with a +0 club!
* * * LOW HITPOINT WARNING * * *
The gnoll hits you from afar with a +0 spear of freezing.
* * * LOW HITPOINT WARNING * * *
The gnoll freezes you.
* * * LOW HITPOINT WARNING * * *
You are too injured to fight recklessly!
There is an open door here.
The gnoll shaman calls upon its god to speed up the gnoll.
The gnoll seems to speed up.
There is an open door here.
Things that are here:
a +0 club; a +0 ring mail; an orc corpse
There is a stone staircase leading up here.
The gnoll misses you. You block the gnoll shaman's attack.
You climb upwards.
There is a stone staircase leading down here.
You hit the gnoll shaman. You block the gnoll shaman's attack.
You puncture the gnoll shaman! You block the gnoll shaman's attack.
You hit the gnoll shaman.
The gnoll shaman calls down the wrath of its god upon you.
You resist with some effort.
The gnoll shaman hits you with a +0 club!
* * * LOW HITPOINT WARNING * * *
You hit the gnoll shaman but do no damage.
The gnoll shaman mumbles some strange prayers to its god.
The gnoll shaman is healed somewhat.
You completely miss the gnoll shaman.
The gnoll shaman hits you with a +0 club.
You die...

....# #........# ....#
#........# ....#
#..^.....# ....###
#........# ......####
#........# .........#
#........# ......##.#
#........#
......##.####........#
......##...##...@g.>.#
###...####.##........#
#...# #.....#.#####
#...# ####.##.# #####
#.....# #######


You could see a gnoll shaman.

Vanquished Creatures
  A hound (D:4)
  Natasha (twice) (D:3)
  2 adders
  4 dart slugs
  2 worms (D:2)
  3 orcs
  9 bats
  3 endoplasms
  A giant cockroach (D:4)
  4 goblins
  8 hobgoblins
  8 kobolds
  4 quokkas
  12 ball pythons
  2 frilled lizards
  8 rats
73 creatures vanquished.

Vanquished Creatures (others)
  A fungus (D:1)
  A plant (D:1)
2 creatures vanquished.

Grand Total: 75 creatures vanquished

Notes
Turn   | Place    | Note
-------+----------+-------------------------------------------
     0 | D:1      | CryoSword the Ghoul Fighter began the quest for the Orb.
     0 | D:1      | Reached XP level 1. HP: 19/19 MP: 0/0
   173 | D:1      | Reached skill level 2 in Polearms
   188 | D:1      | Found a faded altar of an unknown god.
   246 | D:1      | Reached XP level 2. HP: 26/26 MP: 1/1
   886 | D:1      | Reached XP level 3. HP: 31/31 MP: 2/2
  1171 | D:2      | Reached skill level 3 in Polearms
  1411 | D:2      | Reached XP level 4. HP: 38/38 MP: 3/3
  2343 | D:3      | Noticed Natasha
  2380 | D:3      | Killed Natasha
  2381 | D:3      | Reached XP level 5. HP: 45/45 MP: 4/4
  2391 | D:3      | Noticed Natasha
  2406 | D:3      | Reached skill level 4 in Polearms
  2415 | D:3      | Killed Natasha
  2991 | D:4      | Found a snail-covered altar of Cheibriados.
  3106 | D:3      | Slain by a gnoll shaman

Illustrated notes

Levels and vault maps discovered:
D:1:      dpeg_arrival_stone_temple_mockup, layout_loops_corners,
          shapermc_ecumenical_altar_gd, chequers_garden
D:2:      layout_basic, basic_altar
D:3:      layout_basic, uniq_natasha
D:4:      layout_loops_corners, mainiacjoe_overflow_alcove_2,
          gammafunk_ghost_icy

Skill      XL: |  1  2  3  4  5 |
---------------+----------------+-----
Polearms       | 2 3 4 |  4.3
Shields        | 3 |  3.8
Fighting       | |  3.2
Armour         | |  2.6

Action                   |  1- 3 |  4- 6 || total
-------------------------+-------+-------++-------
Melee: Trident           |   119 |   144 ||   263
Armor: Scale mail        |    40 |    25 ||    65
Dodge: Dodged            |    29 |    56 ||    85
Block: Buckler           |     3 |       ||     3
       Kite shield       |    41 |    96 ||   137
       Reflection        |       |     6 ||     6
